Map: King's Cove LE

Players

Reno

  • Race: Terran Terran
  • League: Bronze
  • Spawn Location: 11:00

Throwfordays - Winner!

  • Race: Zerg Zerg
  • League: Silver
  • Spawn Location: 5:00

VOD

Have the link to the VOD?

Description

Time

  • Played on: March 20, 2019, 8:33 p.m.
  • Length: 5:05
Show
View Real Time Build Order
Export as new Build Order

Reno Terran 

Build Orders:  

Get SALT Encoding   

  12  0:25  Supply Depot  
  12  0:28  SCV  
  13  0:40  SCV  
  14  0:52  Barracks  
  13  1:12  SCV  
  14  1:24  SCV  
  15  1:25  Engineering Bay  
  15  1:36  SCV  
  16  2:05  Marine  
  16  2:07  Refinery  
  17  2:19  Refinery  
  17  2:23  Marine  
  17  2:24  Barracks  
  17  2:26  Orbital Command  
  18  2:37  Supply Depot  
  18  2:41  Marine  
  19  2:59  Marine  
  20  3:16  Marine  
  21  3:30  Barracks Reactor  
  21  3:34  Marine  
  19  3:52  Marine  
  17  4:10  Marine  
  17  4:11  Marine x2  
  20  4:28  Marine  
  20  4:29  Marine x2  
  21  4:45  Marine  
  21  4:47  Marine x2  
Show
View Real Time Build Order
Export as new Build Order

Throwfordays Zerg - Winner!

Build Orders: Hatch First 

Get SALT Encoding   

  12  0:01  Drone  
  13  0:10  Drone  
  14  0:37  Hatchery  
  14  0:38  Drone  
  14  0:46  Overlord  
  14  1:05  Drone x3  
  17  1:15  Spawning Pool  
  16  1:20  Drone  
  16  1:25  Extractor  
  16  1:27  Drone  
  17  1:38  Drone  
  18  1:51  Drone  
  19  1:56  Drone  
  19  2:00  Overlord  
  20  2:02  Queen  
  20  2:04  Queen  
  20  2:06  Drone  
  25  2:11  Drone  
  26  2:18  Drone  
  26  2:21  Zergling x2  
  28  2:30  Metabolic Boost  
  28  2:33  Drone x2  
  28  2:36  Zergling x2  
  31  2:43  Zergling x2  
  32  2:50  Drone  
  33  2:54  Zergling x2  
  33  2:56  Evolution Chamber  
  33  2:57  Zergling x2  
  34  3:11  Drone  
  34  3:12  Drone  
  36  3:16  Overlord x2  
  35  3:49  Zergling x8  
  35  3:53  Drone x3  
  41  3:57  Zergling x6  
  41  3:58  Zergling x6  
  47  4:07  Drone x2  
  49  4:14  Drone  
  50  4:28  Drone  
  51  4:32  Overlord x2  
  51  4:33  Overlord x2  
Tags
 
Matchup
TvZ
Replay Pack
Multiplayer
Spawn Locations
Cross Positions
Add a new tag
Caveats
  • Supply blocks, unpowered buildings, or Contaminate may cause inaccurate times.
  • Supply counts are checked every 10 seconds.